 Dungeon Crawl Stone Soup version 0.29.0-15-g675c0067aa (webtiles) character file.

Game seed: 7532119443352916254

29607 qw the Severer (level 13, -3/122 HPs)
             Began as a Minotaur Berserker on Sept 12, 2022.
             Was an Elder of Trog.
             Slain by a death yak (6 damage)
             ... summoned by a boggart
             ... on level 5 of the Lair of Beasts.
             The game lasted 00:04:31 (15093 turns).

qw the Severer (Minotaur Berserker)                Turns: 15093, Time: 00:04:31

Health: -3/122     AC: 16    Str: 26    XL:     13   Next: 16%
Magic:  0/12       EV:  3    Int: 10    God:    Trog [****..]
Gold:   838        SH: 30    Dex: 11    Spells: 12/12 levels left

rFire   . . .      SeeInvis .   Y - +3 war axe
rCold   . . .      Faith    .   a - +18 shield of the Gong {rElec rN+ Will+ EV-5}
rNeg    + . .      Spirit   +   h - +0 plate armour
rPois   .          Reflect  .   (helmet restricted)
rElec   +          Harm     .   (no cloak)
rCorr   +          Rampage  .   (no gloves)
Will    +....                   f - +0 pair of boots
Stlth   ..........              m - amulet of guardian spirit
HPRegen 0.30/turn               e - +6 ring of intelligence
MPRegen 0.13/turn               b - ring of resist corrosion

@: on berserk cooldown, slowed, very slow
A: horns 2, retaliatory headbutt
a: Renounce Religion, Berserk, Trog's Hand, Brothers in Arms


You were on level 5 of the Lair of Beasts.
You worshipped Trog.
Trog was greatly pleased with you.
You visited 2 branches of the dungeon, and saw 13 of its levels.

You collected 838 gold pieces.


Innate Abilities, Weirdness & Mutations

You have a pair of horns on your head.
You reflexively headbutt those who attack you in melee.


   Skills:
 - Level 13.0 Fighting
 - Level 16.1 Axes
 + Level 2.7 Throwing
 - Level 11.0 Armour
 - Level 5.2 Dodging
 - Level 13.0 Shields


You had 12 spell levels left.
You didn't know any spells.
Your spell library was empty.

Inventory:

Hand Weapons
 j - a +2 flail
 Y - a +3 war axe (weapon)
Missiles
 c - 3 boomerangs (quivered)
Armour
 a - the +18 shield of the Gong (worn) {rElec rN+ Will+ EV-5}
   (You acquired it on level 1 of the Dungeon)

   It is deafeningly noisy when blocking attacks.
   EV:        It affects your evasion (-5).
   rElec:     It insulates you from electricity.
   rN:        It protects you from negative energy.
   Will:      It increases your willpower.
 f - a +0 pair of boots (worn)
 h - a +0 plate armour (worn)
Jewellery
 b - a ring of resist corrosion (right hand)
 e - a +6 ring of intelligence (left hand)
 g - a ring of positive energy
 m - an amulet of guardian spirit (around neck)
Scrolls
 p - 4 scrolls of identify
Potions
 i - a potion of mutation
 l - a potion of cancellation
 n - 4 potions of might
 o - 2 potions of haste
 t - 3 potions of curing

Dungeon Overview and Level Annotations

Branches:
Dungeon (8/15)             Temple (0/1) D:5            Lair (5/5) D:8
 Shoals (0/4) Lair:3        Snake (0/4) Lair:3        Slime (0/5) Lair:4

Altars:
Ashenzari
Elyvilon
Nemelex Xobeh
Qazlal
Ru
Uskayaw
Wu Jian
The Shining One

Shops:
D:1 (   D:5 (

Annotations:
D:4 3 runed translucent doors, qw's ghost, amateur GrFi
D:6 1 runed translucent door, Crazy Yiuf
Lair:5 Snorg; Sonja


Message History

Enter note: Throw: 3 boomerangs
Press: ? - help, Q - select action Shift-Dir - straight line, f - death yak You throw a boomerang.
The boomerang hits the death yak.
The death yak is lightly wounded.
You block the wolf's attack.
BONNNG!
The wolf bites you but does no damage.
The cane toad gives a loud, deep croak!
You hear a bellow!
You hear a shout! x2
You hear a howl!
You hear an angry buzzing noise.
You hear a loud, deep croak!
You hear an angry growl.
You hear a howl!
You hear an angry growl.
You hear a howl!
You hit the wolf but do no damage. You block the wolf's attack.
SHROANNG!
You block the wolf's attack.
SHROANNG!
You hear an angry buzzing noise.
You hear an angry hiss.
You hear a howl!
You hear a shout!
You barely miss the death yak.
The death yak is lightly wounded.
You closely miss the wolf. You block the wolf's attack.
GONNNNG!
The wolf bites you but does no damage. The death yak gores you.
You block the wolf's attack.
GONNNNG!
A wolf comes into view.
You block the wolf's attack.
PANG!
The wolf howls!
You hear a howl!
You hear a shout!
You hear a howl!
You hear a croak.
You slash the death yak!
You headbutt the death yak, but do no damage.
The death yak is moderately wounded.
You slash the wolf! x2
You block the wolf's attack.
BONNNG!
You block the wolf's attack.
GONNNNG!
The death yak gores you!
You die...

# .. # . .# . #
.. .# ## .. #
...#.#####.#...
#.
...............
#.
...............
...
...............
...
.h.....@Y......
...
......hhY...... .
77.....h.h.....
77.
7........F......
...
7..............#
..7
77.....Y..Y....##
7.77
7..............#
7.h7
7..............#
7777..7
.....h..Y.#


You could see 4 death yaks, 2 polar bears, a cane toad and 3 wolves.

Vanquished Creatures
  2 hydras (Lair:2)
  2 death yaks (Lair:4)
  Pikel (D:5)
  14 elephants
  A merfolk siren (Lair:3)
  A black mamba (Lair:4)
  2 torpor snails
  10 cane toads
  3 rime drakes
  9 komodo dragons
  Prince Ribbit (D:5)
  4 dream sheep (Lair:2)
  13 blink frogs (Lair:2)
  Sigmund (D:5)
  A spriggan (Lair:5)
  2 wyverns
  16 yaks
  A steam dragon (D:7)
  2 basilisks
  Eustachio (D:6)
  5 water moccasins
  An orc warrior (D:8)
  3 ice beasts
  3 black bears
  3 centaurs
  9 wolves
  4 lemures (D:5)
  3 kobold brigands
  Blork the orc (D:6)
  8 bullfrogs
  2 necrophages (D:6)
  7 wights
  9 killer bees
  4 jellies
  2 electric eels (Lair:3)
  2 orc priests (D:7)
  A gnoll bouda (Lair:2)
  2 hounds
  2 iguanas
  2 orc wizards (D:8)
  3 gnolls (D:7)
  2 river rats (D:4)
  2 adders
  A white imp (D:8)
  4 worms
  3 dart slugs
  34 orcs
  6 bats
  11 endoplasms
  9 goblins
  5 hobgoblins
  5 jackals
  13 kobolds
  6 quokkas
  5 ball pythons
  2 frilled lizards
  5 rats
  A butterfly (Lair:2)
277 creatures vanquished.

Vanquished Creatures (collateral kills)
  4 hydras
  An elephant (Lair:5)
  5 yaks (Lair:1)
  A water moccasin (Lair:1)
  A black bear (Lair:1)
  2 bullfrogs
14 creatures vanquished.

Vanquished Creatures (others)
  An orc (D:7)
  15 fungi
  24 plants
40 creatures vanquished.

Grand Total: 331 creatures vanquished

Notes
Turn   | Place    | Note
-------+----------+-------------------------------------------
     0 | D:1      | qw the Minotaur Berserker began the quest for the Orb.
     0 | D:1      | Reached XP level 1. HP: 19/19 MP: 0/0
     0 | D:1      | 0 ||| qw: Version: 0.1-a-119-g272c26d
     0 | D:1      | 0 ||| qw: Game counter: 11047
     0 | D:1      | 0 ||| qw: Always use a shield: true
     0 | D:1      | 0 ||| qw: Do Orc after D:15 true
     0 | D:1      | 0 ||| qw: Do second Lair branch before Depths: true
     0 | D:1      | 0 ||| qw: Lair rune preference: random
     0 | D:1      | 0 ||| qw: Plans: Normal
     0 | D:1      | 0 ||| PLANNING D:1-11
    82 | D:1      | 82 ||| Stepping ~*~*~tactically~*~*~ (stealth).
   184 | D:1      | Reached skill level 4 in Axes
   330 | D:1      | Reached XP level 2. HP: 26/26 MP: 1/1
   531 | D:1      | Found a faded altar of an unknown god.
   534 | D:1      | Noticed a great orb of eyes
   536 | D:1      | 536 ||| UPGRADING to +0 leather armour.
   551 | D:1      | 551 ||| UPGRADING to +0 animal skin.
   556 | D:1      | 556 ||| UPGRADING to +0 leather armour.
   566 | D:1      | 566 ||| DROPPING +0 animal skin.
   567 | D:1      | 567 ||| UPGRADING to +0 chain mail.
   577 | D:1      | 577 ||| DROPPING +0 leather armour.
   582 | D:1      | Noticed a shining eye
   586 | D:1      | Noticed a golden eye
   648 | D:1      | 648 ||| Stepping ~*~*~tactically~*~*~ (stealth).
   649 | D:1      | 649 ||| Stepping ~*~*~tactically~*~*~ (stealth).
   649 | D:1      | Noticed a shining eye
   677 | D:1      | Found Afen's Antique Weapon Boutique.
   688 | D:1      | 688 ||| SHOPLISTING runed flail (175 gold, have 55).
   688 | D:1      | 688 ||| SHOPLISTING runed hand axe (162 gold, have 55).
   688 | D:1      | 688 ||| SHOPLISTING war axe (94 gold, have 55).
   841 | D:1      | Reached skill level 5 in Axes
   844 | D:1      | 844 ||| UPGRADING to +6 ring of intelligence.
   845 | D:1      | 845 ||| READING scroll labelled FEUKKY VONEUTIRPH.
   846 | D:1      | 846 ||| READING 2 scrolls labelled NUJOMM PISILENOPHE.
   847 | D:1      | 847 ||| READING scroll labelled QAUZINTENYEKO.
   847 | D:1      | Identified a scroll of acquirement
   847 | D:1      | 847 ||| ACQUIRING +18 shield of the Gong {rElec rN+ Will+
                  | EV-5}
   847 | D:1      | Acquired the +18 shield of the Gong {rElec rN+ Will+ EV-5}
   847 | D:1      | Found the +18 shield of the Gong {rElec rN+ Will+ EV-5}
   849 | D:1      | 849 ||| UPGRADING to +18 shield of the Gong {rElec rN+
                  | Will+ EV-5}.
   854 | D:1      | 854 ||| READING scroll labelled HEGGELU MUMMOM.
   855 | D:1      | 855 ||| DROPPING scroll of immolation.
   882 | D:2      | 882 ||| STAIRDANCE
   887 | D:2      | 887 ||| INVOKING Berserk.
   888 | D:2      | 888 ||| STAIRDANCE
   890 | D:1      | 890 ||| INVOKING Berserk.
   894 | D:1      | Reached XP level 3. HP: 31/31 MP: 2/2
  1001 | D:2      | 1001 ||| STAIRDANCE
  1009 | D:2      | Reached skill level 1 in Shields
  1017 | D:2      | 1017 ||| Stepping ~*~*~tactically~*~*~ (stealth).
  1045 | D:2      | 1045 ||| INVOKING Berserk.
  1203 | D:2      | Reached ** piety under Trog
  1227 | D:2      | 1227 ||| INVOKING Berserk.
  1392 | D:2      | Found a sparkling altar of Nemelex Xobeh.
  1448 | D:2      | Identified the +6 trident "Unarph" {spect, Dex+3 Stlth+}
  1580 | D:2      | 1580 ||| SWAPPING to +2 hand axe of freezing.
  1581 | D:2      | 1581 ||| DROPPING +0 hand axe.
  1676 | D:2      | 1676 ||| UPGRADING to +0 pair of boots.
  1681 | D:2      | 1681 ||| READING scroll labelled TAGYTWO YSSUAR.
  1682 | D:2      | 1682 ||| READING scroll labelled RICUMIAJESH.
  1683 | D:2      | 1683 ||| READING scroll labelled GUSSUMACSI.
  1684 | D:2      | 1684 ||| READING scroll labelled HIMPONL CAOL.
  1702 | D:3      | 1702 ||| STAIRDANCE
  1709 | D:3      | 1709 ||| STAIRDANCE
  1714 | D:2      | Reached XP level 4. HP: 39/39 MP: 3/3
  1716 | D:2      | 1716 ||| DROPPING +0 club.
  1727 | D:3      | 1727 ||| SWAPPING to +0 war axe.
  1728 | D:3      | 1728 ||| DROPPING +3 hand axe of venom.
  1769 | D:3      | Reached skill level 3 in Shields
  1961 | D:3      | 1961 ||| INVOKING Berserk.
  2425 | D:3      | 2425 ||| READING 2 scrolls labelled XAGHOSM XUNKU.
  2430 | D:3      | 2430 ||| READING scroll labelled FOW REIGOGOM.
  2531 | D:3      | 2531 ||| READING scroll labelled OJASAH ZEXATA.
  2532 | D:3      | 2532 ||| DRINKING 2 lumpy cyan potions.
  2533 | D:3      | 2533 ||| DRINKING 2 emerald potions.
  2534 | D:3      | 2534 ||| READING 2 scrolls of identify.
  2534 | D:3      | 2534 ||| IDENTIFYING yellow potion
  2535 | D:3      | 2535 ||| DROPPING potion of lignification.
  2538 | D:4      | 2538 ||| PLANNING SEWER
  2755 | D:4      | 2755 ||| Stepping ~*~*~tactically~*~*~ (stealth).
  2773 | D:4      | Reached XP level 5. HP: 45/45 MP: 4/4
  2791 | D:4      | Found a hide-covered altar of Uskayaw.
  2791 | D:4      | Found a white marble altar of Elyvilon.
  2793 | D:4      | Found a sacrificial altar of Ru.
  2805 | D:4      | 2805 ||| Stepping ~*~*~tactically~*~*~ (hiding).
  2898 | D:4      | 2898 ||| Stepping ~*~*~tactically~*~*~ (stealth).
  3102 | D:4      | Noticed a black bear
  3103 | D:4      | Noticed qw's ghost (amateur GrFi)
  3109 | D:4      | Found a runed translucent gate.
  3109 | D:4      | Found a runed translucent gate.
  3109 | D:4      | Found a runed translucent gate.
  3152 | D:4      | 3152 ||| Stepping ~*~*~tactically~*~*~ (stealth).
  3153 | D:4      | 3153 ||| Stepping ~*~*~tactically~*~*~ (stealth).
  3186 | D:4      | 3186 ||| DROPPING +0 whip.
  3277 | D:4      | 3277 ||| RIP SEWER
  3278 | D:4      | 3278 ||| PLANNING D:1-11
  3331 | D:4      | Reached skill level 6 in Axes
  3511 | D:4      | 3511 ||| UPGRADING to +2 ring mail of poison resistance.
  3521 | D:4      | 3521 ||| UPGRADING to +0 plate armour.
  3531 | D:4      | 3531 ||| DROPPING +2 ring mail of poison resistance.
  3532 | D:4      | 3532 ||| DROPPING +0 chain mail.
  3533 | D:4      | 3533 ||| DRINKING 3 bubbling puce potions.
  3534 | D:4      | 3534 ||| DROPPING 2 potions of degeneration.
  3578 | D:5      | Entered Level 5 of the Dungeon
  3603 | D:5      | Found Feibrus's Antique Weapon Boutique.
  3746 | D:5      | Noticed a water moccasin
  3763 | D:5      | Killed a water moccasin
  3764 | D:5      | Reached XP level 6. HP: 39/51 MP: 5/5
  3851 | D:5      | 3851 ||| Stepping ~*~*~tactically~*~*~ (stealth).
  3855 | D:5      | 3855 ||| INVOKING Berserk.
  4116 | D:5      | Reached skill level 1 in Throwing
  4132 | D:5      | Noticed Sigmund
  4136 | D:5      | 4136 ||| INVOKING Berserk.
  4139 | D:5      | Killed Sigmund
  4140 | D:5      | Reached skill level 7 in Axes
  4140 | D:5      | Reached XP level 7. HP: 57/57 MP: 6/6
  4381 | D:5      | 4381 ||| Stepping ~*~*~tactically~*~*~ (stealth).
  4382 | D:5      | Noticed Pikel
  4383 | D:5      | 4383 ||| Stepping ~*~*~tactically~*~*~ (stealth).
  4388 | D:5      | 4388 ||| INVOKING Berserk.
  4400 | D:5      | Killed Pikel
  4401 | D:5      | Reached skill level 6 in Armour
  4401 | D:5      | Reached XP level 8. HP: 60/64 MP: 7/7
  4421 | D:5      | 4421 ||| Stepping ~*~*~tactically~*~*~ (stealth).
  4565 | D:5      | 4565 ||| Stepping ~*~*~tactically~*~*~ (stealth).
  4570 | D:5      | Noticed Prince Ribbit
  4577 | D:5      | 4577 ||| INVOKING Berserk.
  4594 | D:5      | Killed Prince Ribbit
  4599 | D:5      | Reached skill level 8 in Axes
  4779 | D:5      | Found a staircase to the Ecumenical Temple.
  4953 | D:5      | 4953 ||| READING scroll labelled ATIWYN CICOREA.
  4954 | D:5      | 4954 ||| DRINKING 2 lumpy green potions.
  4955 | D:5      | 4955 ||| READING 4 scrolls of identify.
  4955 | D:5      | 4955 ||| IDENTIFYING murky ruby potion
  4956 | D:5      | 4956 ||| READING 3 scrolls of identify.
  4956 | D:5      | 4956 ||| IDENTIFYING grey potion
  4957 | D:5      | 4957 ||| READING 2 scrolls of identify.
  4957 | D:5      | 4957 ||| IDENTIFYING silvery potion
  4958 | D:5      | 4958 ||| DROPPING potion of brilliance.
  4979 | D:6      | Reached skill level 6 in Shields
  5018 | D:6      | Noticed Eustachio
  5022 | D:6      | 5022 ||| INVOKING Berserk.
  5026 | D:6      | Noticed Blork the orc
  5040 | D:6      | Killed Eustachio
  5046 | D:6      | Killed Blork the orc
  5047 | D:6      | Reached skill level 9 in Axes
  5419 | D:6      | 5419 ||| Stepping ~*~*~tactically~*~*~ (stealth).
  5906 | D:6      | Reached XP level 9. HP: 74/74 MP: 8/8
  6099 | D:6      | Found a runed translucent door.
  6100 | D:6      | Noticed Crazy Yiuf
  6356 | D:6      | 6356 ||| DRINKING 3 glowing cyan potions.
  6357 | D:6      | 6357 ||| READING 2 scrolls of identify.
  6357 | D:6      | 6357 ||| IDENTIFYING lumpy grey potion
  6358 | D:6      | 6358 ||| DROPPING potion of attraction.
  6390 | D:7      | 6390 ||| PLANNING OSSUARY
  6396 | D:7      | 6396 ||| Stepping ~*~*~tactically~*~*~ (stealth).
  6409 | D:7      | Reached skill level 10 in Axes
  6417 | D:7      | 6417 ||| Stepping ~*~*~tactically~*~*~ (hiding).
  6418 | D:7      | 6418 ||| Stepping ~*~*~tactically~*~*~ (hiding).
  6422 | D:7      | Reached skill level 6 in Fighting
  6424 | D:7      | 6424 ||| INVOKING Berserk.
  6433 | D:7      | 6433 ||| FLEEEEING.
  6434 | D:7      | 6434 ||| FLEEEEING.
  6435 | D:7      | 6435 ||| FLEEEEING.
  6436 | D:7      | 6436 ||| STAIRDANCE
  6586 | D:7      | 6586 ||| SWAPPING to +3 war axe.
  6587 | D:7      | 6587 ||| DROPPING +0 flail.
  6588 | D:7      | 6588 ||| DROPPING +0 war axe.
  6606 | D:7      | 6606 ||| INVOKING Berserk.
  6714 | D:7      | 6714 ||| FLEEEEING.
  6715 | D:7      | 6715 ||| FLEEEEING.
  6716 | D:7      | 6716 ||| FLEEEEING.
  6717 | D:7      | 6717 ||| FLEEEEING.
  6718 | D:7      | 6718 ||| FLEEEEING.
  6719 | D:7      | 6719 ||| FLEEEEING.
  6720 | D:7      | 6720 ||| STAIRDANCE
  6898 | D:7      | 6898 ||| INVOKING Berserk.
  6900 | D:7      | Reached skill level 11 in Axes
  6975 | D:7      | 6975 ||| Stepping ~*~*~tactically~*~*~ (stealth).
  6976 | D:7      | 6976 ||| Stepping ~*~*~tactically~*~*~ (stealth).
  7037 | D:7      | 7037 ||| RIP OSSUARY
  7065 | D:7      | 7065 ||| PLANNING D:1-11
  7135 | D:7      | 7135 ||| Stepping ~*~*~tactically~*~*~ (stealth).
  7136 | D:7      | 7136 ||| Stepping ~*~*~tactically~*~*~ (stealth).
  7137 | D:7      | 7137 ||| Stepping ~*~*~tactically~*~*~ (stealth).
  7139 | D:7      | 7139 ||| Stepping ~*~*~tactically~*~*~ (stealth).
  7146 | D:7      | Reached *** piety under Trog
  7189 | D:7      | 7189 ||| Stepping ~*~*~tactically~*~*~ (hiding).
  7191 | D:7      | 7191 ||| INVOKING Berserk.
  7588 | D:7      | 7588 ||| UPGRADING to amulet of guardian spirit.
  7593 | D:7      | 7593 ||| READING scroll labelled GEAPOE KESAF.
  7808 | D:8      | 7808 ||| FLEEEEING.
  7809 | D:8      | 7809 ||| FLEEEEING.
  7811 | D:8      | 7811 ||| FLEEEEING.
  7812 | D:8      | 7812 ||| FLEEEEING.
  7813 | D:8      | 7813 ||| FLEEEEING.
  7814 | D:8      | 7814 ||| FLEEEEING.
  7815 | D:8      | 7815 ||| FLEEEEING.
  7816 | D:8      | 7816 ||| FLEEEEING.
  7828 | D:8      | 7828 ||| FLEEEEING.
  7830 | D:8      | 7830 ||| FLEEEEING.
  7832 | D:8      | 7832 ||| FLEEEEING.
  7833 | D:8      | 7833 ||| FLEEEEING.
  7836 | D:8      | 7836 ||| FLEEEEING.
  7837 | D:8      | 7837 ||| FLEEEEING.
  7838 | D:8      | 7838 ||| FLEEEEING.
  7839 | D:8      | 7839 ||| FLEEEEING.
  7840 | D:8      | 7840 ||| STAIRDANCE
  7942 | D:7      | 7942 ||| UPGRADING to ring of resist corrosion.
  7943 | D:7      | 7943 ||| READING 2 scrolls of identify.
  7943 | D:7      | 7943 ||| IDENTIFYING puce potion
  7944 | D:7      | 7944 ||| DROPPING potion of flight.
  7947 | D:8      | 7947 ||| STAIRDANCE
  8023 | D:8      | Found a broken altar of Ashenzari.
  8028 | D:8      | 8028 ||| Stepping ~*~*~tactically~*~*~ (stealth).
  8045 | D:8      | Reached skill level 12 in Axes
  8070 | D:8      | 8070 ||| INVOKING Berserk.
  8088 | D:8      | Noticed an elephant
  8097 | D:8      | Killed an elephant
  8101 | D:8      | Reached XP level 10. HP: 85/88 MP: 9/9
  8101 | D:8      | 8101 ||| Stepping ~*~*~tactically~*~*~ (stealth).
  8303 | D:8      | Found a staircase to the Lair.
  8304 | D:8      | 8304 ||| Stepping ~*~*~tactically~*~*~ (stealth).
  8306 | D:8      | 8306 ||| Stepping ~*~*~tactically~*~*~ (hiding).
  8318 | D:8      | 8318 ||| INVOKING Berserk.
  8321 | D:8      | Reached skill level 9 in Shields
  8550 | D:8      | Found a stormy altar of Qazlal.
  8553 | D:8      | Found a glowing golden altar of the Shining One.
  8558 | D:8      | Found an ornate altar of the Wu Jian Council.
  8820 | D:8      | Reached **** piety under Trog
  8933 | D:8      | 8933 ||| PLANNING LAIR
  8933 | D:8      | 8933 ||| READING 2 scrolls labelled GORUST ZYORUMU.
  8934 | D:8      | 8934 ||| READING 2 scrolls of identify.
  8934 | D:8      | 8934 ||| IDENTIFYING white potion
  8935 | D:8      | 8935 ||| DROPPING scroll of noise.
  8936 | D:8      | 8936 ||| DROPPING potion of ambrosia.
  9017 | Lair:1   | Entered Level 1 of the Lair of Beasts
  9074 | Lair:1   | Noticed a cane toad
  9077 | Lair:1   | 9077 ||| INVOKING Berserk.
  9081 | Lair:1   | Killed a cane toad
  9103 | Lair:1   | Noticed a seven-headed hydra
  9105 | Lair:1   | Noticed a cane toad
  9108 | Lair:1   | Reached skill level 13 in Axes
  9108 | Lair:1   | 9108 ||| INVOKING Brothers in Arms.
  9108 | Lair:1   | Noticed an eight-headed hydra
  9109 | Lair:1   | 9109 ||| INVOKING Brothers in Arms.
  9110 | Lair:1   | 9110 ||| INVOKING Brothers in Arms.
  9111 | Lair:1   | 9111 ||| SWAPPING to +2 flail.
  9112 | Lair:1   | 9112 ||| INVOKING Berserk.
  9116 | Lair:1   | Killed a seven-headed hydra
  9119 | Lair:1   | Reached skill level 14 in Axes
  9119 | Lair:1   | Killed a cane toad
  9121 | Lair:1   | Killed an eight-headed hydra
  9125 | Lair:1   | 9125 ||| SWAPPING to +3 war axe.
  9137 | Lair:1   | Reached XP level 11. HP: 40/94 MP: 4/10
  9425 | Lair:1   | You fall into a shaft and drop 1 floor!
  9426 | Lair:2   | 9426 ||| INVOKING Berserk.
  9440 | Lair:2   | Reached skill level 15 in Axes
  9456 | Lair:2   | Reached skill level 9 in Fighting
  9554 | Lair:2   | 9554 ||| INVOKING Berserk.
  9558 | Lair:2   | Reached skill level 3 in Dodging
  9603 | Lair:2   | 9603 ||| Stepping ~*~*~tactically~*~*~ (stealth).
  9605 | Lair:2   | 9605 ||| Stepping ~*~*~tactically~*~*~ (hiding).
  9621 | Lair:2   | 9621 ||| INVOKING Berserk.
  9739 | Lair:2   | 9739 ||| INVOKING Berserk.
  9750 | Lair:2   | Noticed a six-headed hydra
  9751 | Lair:2   | 9751 ||| INVOKING Brothers in Arms.
  9752 | Lair:2   | 9752 ||| INVOKING Brothers in Arms.
  9753 | Lair:2   | 9753 ||| INVOKING Brothers in Arms.
  9754 | Lair:2   | 9754 ||| INVOKING Brothers in Arms.
  9755 | Lair:2   | 9755 ||| INVOKING Brothers in Arms.
  9756 | Lair:2   | 9756 ||| INVOKING Brothers in Arms.
  9757 | Lair:2   | 9757 ||| INVOKING Brothers in Arms.
  9758 | Lair:2   | 9758 ||| INVOKING Brothers in Arms.
  9759 | Lair:2   | 9759 ||| INVOKING Brothers in Arms.
  9759 | Lair:2   | HP: 23/97 [six-headed hydra (7)]
  9760 | Lair:2   | 9760 ||| READING 4 scrolls of teleportation.
  9761 | Lair:2   | 9761 ||| DRINKING 3 potions of heal wounds.
  9762 | Lair:2   | 9762 ||| SWAPPING to +2 flail.
  9763 | Lair:2   | 9763 ||| DRINKING 2 potions of heal wounds.
  9764 | Lair:2   | 9764 ||| SWAPPING to +3 war axe.
  9882 | Lair:2   | 9882 ||| INVOKING Berserk.
  9887 | Lair:2   | Reached skill level 16 in Axes
 10694 | Lair:2   | 10694 ||| Stepping ~*~*~tactically~*~*~ (stealth).
 10697 | Lair:2   | 10697 ||| INVOKING Berserk.
 10722 | Lair:2   | 10722 ||| FLEEEEING.
 10723 | Lair:2   | 10723 ||| FLEEEEING.
 10724 | Lair:2   | 10724 ||| FLEEEEING.
 10725 | Lair:2   | 10725 ||| FLEEEEING.
 10726 | Lair:2   | 10726 ||| FLEEEEING.
 10730 | Lair:2   | 10730 ||| STAIRDANCE
 10852 | Lair:2   | Noticed a six-headed hydra
 10853 | Lair:2   | 10853 ||| INVOKING Brothers in Arms.
 10854 | Lair:2   | 10854 ||| INVOKING Brothers in Arms.
 10855 | Lair:2   | 10855 ||| INVOKING Brothers in Arms.
 10856 | Lair:2   | 10856 ||| INVOKING Brothers in Arms.
 10857 | Lair:2   | 10857 ||| INVOKING Brothers in Arms.
 10858 | Lair:2   | 10858 ||| INVOKING Brothers in Arms.
 10859 | Lair:2   | 10859 ||| SWAPPING to +2 flail.
 10860 | Lair:2   | 10860 ||| INVOKING Berserk.
 10860 | Lair:2   | Killed a six-headed hydra
 10865 | Lair:2   | 10865 ||| SWAPPING to +3 war axe.
 10906 | Lair:2   | 10906 ||| INVOKING Berserk.
 10944 | Lair:2   | Noticed a five-headed hydra
 10945 | Lair:2   | 10945 ||| FLEEEEING.
 10946 | Lair:2   | 10946 ||| FLEEEEING.
 10950 | Lair:2   | 10950 ||| SWAPPING to +2 flail.
 10952 | Lair:2   | 10952 ||| INVOKING Berserk.
 10959 | Lair:2   | Killed a five-headed hydra
 10965 | Lair:2   | 10965 ||| SWAPPING to +3 war axe.
 11112 | Lair:2   | 11112 ||| Stepping ~*~*~tactically~*~*~ (stealth).
 11115 | Lair:2   | 11115 ||| SWAPPING to +2 flail.
 11117 | Lair:2   | 11117 ||| SWAPPING to +3 war axe.
 11118 | Lair:2   | 11118 ||| SWAPPING to +2 flail.
 11119 | Lair:2   | 11119 ||| INVOKING Berserk.
 11123 | Lair:2   | Killed a six-headed hydra
 11124 | Lair:2   | Reached XP level 12. HP: 107/107 MP: 11/11
 11143 | Lair:2   | 11143 ||| SWAPPING to +3 war axe.
 11933 | Lair:3   | 11933 ||| STAIRDANCE
 11940 | Lair:2   | Reached skill level 9 in Armour
 11942 | Lair:3   | 11942 ||| STAIRDANCE
 11944 | Lair:2   | 11944 ||| INVOKING Berserk.
 12101 | Lair:3   | 12101 ||| STAIRDANCE
 12103 | Lair:2   | 12103 ||| INVOKING Berserk.
 12245 | Lair:3   | 12245 ||| STAIRDANCE
 12247 | Lair:2   | 12247 ||| INVOKING Berserk.
 12363 | Lair:3   | 12363 ||| STAIRDANCE
 12378 | Lair:3   | 12378 ||| STAIRDANCE
 12380 | Lair:2   | 12380 ||| INVOKING Berserk.
 12489 | Lair:3   | 12489 ||| STAIRDANCE
 12497 | Lair:3   | 12497 ||| STAIRDANCE
 12499 | Lair:2   | 12499 ||| INVOKING Berserk.
 12573 | Lair:3   | 12573 ||| STAIRDANCE
 12632 | Lair:3   | Identified the +4 long sword of Vujuz {drain, rPois Str+3}
 13100 | Lair:3   | Found a staircase to the Shoals.
 13198 | Lair:3   | 13198 ||| Stepping ~*~*~tactically~*~*~ (hiding).
 13207 | Lair:3   | Reached skill level 12 in Shields
 13249 | Lair:3   | 13249 ||| Stepping ~*~*~tactically~*~*~ (stealth).
 13250 | Lair:3   | 13250 ||| Stepping ~*~*~tactically~*~*~ (stealth).
 13383 | Lair:3   | Found a staircase to the Snake Pit.
 13641 | Lair:4   | 13641 ||| Stepping ~*~*~tactically~*~*~ (stealth).
 13649 | Lair:4   | 13649 ||| Stepping ~*~*~tactically~*~*~ (stealth).
 13660 | Lair:4   | 13660 ||| INVOKING Berserk.
 13689 | Lair:4   | Reached skill level 12 in Fighting
 13722 | Lair:4   | 13722 ||| Stepping ~*~*~tactically~*~*~ (stealth).
 13861 | Lair:4   | 13861 ||| FLEEEEING.
 13862 | Lair:4   | 13862 ||| FLEEEEING.
 13863 | Lair:4   | 13863 ||| FLEEEEING.
 13864 | Lair:4   | 13864 ||| FLEEEEING.
 13865 | Lair:4   | 13865 ||| FLEEEEING.
 13866 | Lair:4   | 13866 ||| FLEEEEING.
 13867 | Lair:4   | 13867 ||| FLEEEEING.
 13868 | Lair:4   | 13868 ||| FLEEEEING.
 13870 | Lair:4   | 13870 ||| STAIRDANCE
 13987 | Lair:4   | 13987 ||| Stepping ~*~*~tactically~*~*~ (stealth).
 14289 | Lair:4   | Noticed a death yak
 14290 | Lair:4   | 14290 ||| Stepping ~*~*~tactically~*~*~ (stealth).
 14327 | Lair:4   | 14327 ||| INVOKING Berserk.
 14327 | Lair:4   | Noticed a death yak
 14330 | Lair:4   | Killed a death yak
 14338 | Lair:4   | Killed a death yak
 14397 | Lair:4   | 14397 ||| INVOKING Berserk.
 14593 | Lair:4   | Found a staircase to the Slime Pits.
 15000 | Lair:5   | Entered Level 5 of the Lair of Beasts
 15003 | Lair:5   | 15003 ||| Stepping ~*~*~tactically~*~*~ (stealth).
 15008 | Lair:5   | 15008 ||| Stepping ~*~*~tactically~*~*~ (stealth).
 15018 | Lair:5   | Noticed a four-headed hydra
 15019 | Lair:5   | 15019 ||| INVOKING Brothers in Arms.
 15022 | Lair:5   | Reached XP level 13. HP: 100/119 MP: 12/12
 15024 | Lair:5   | 15024 ||| SWAPPING to +2 flail.
 15025 | Lair:5   | 15025 ||| INVOKING Berserk.
 15037 | Lair:5   | Noticed Sonja
 15040 | Lair:5   | 15040 ||| SWAPPING to +3 war axe.
 15042 | Lair:5   | Noticed Snorg
 15043 | Lair:5   | 15043 ||| FLEEEEING.
 15047 | Lair:5   | HP: 28/122 [Snorg (7)]
 15048 | Lair:5   | 15048 ||| READING 4 scrolls of teleportation.
 15049 | Lair:5   | 15049 ||| DRINKING 2 potions of heal wounds.
 15050 | Lair:5   | 15050 ||| DRINKING potion of heal wounds.
 15052 | Lair:5   | HP: 26/122 [poisoned by Sonja]
 15061 | Lair:5   | 15061 ||| Stepping ~*~*~tactically~*~*~ (stealth).
 15062 | Lair:5   | 15062 ||| Stepping ~*~*~tactically~*~*~ (stealth).
 15066 | Lair:5   | 15066 ||| READING 3 scrolls of teleportation.
 15072 | Lair:5   | 15072 ||| READING 2 scrolls of teleportation.
 15073 | Lair:5   | 15073 ||| INVOKING Berserk.
 15084 | Lair:5   | HP: 29/122 [spriggan rider/+0 spear (3)]
 15085 | Lair:5   | 15085 ||| READING scroll of teleportation.
 15086 | Lair:5   | HP: 14/122 [wolf (2)]
 15092 | Lair:5   | HP: 3/122 [death yak[a boggart] (6)]
 15093 | Lair:5   | Slain by a death yak

Levels and vault maps discovered:
D:1:      dpeg_arrival_castle, layout_loops_ring, serial_shops,
          nicolae_diamond_shop, hellmonk_ecumenical_altar_watching_god
D:2:      layout_loops_ring, basic_altar, kennysheep_generic_room_5
D:3:      layout_basic, minmay_crystal_water, minmay_pentangle
D:4:      layout_gridville, gammafunk_temple_overflow_claw,
          gup_sewer_entry_spiral, gammafunk_ghost_split,
          chequers_serial_rivers_small_a, chequers_jeans,
          minmay_misc_feat_roman, minivault_27
D:5:      layout_loops_corners, minmay_temple_entry_drinking_statues,
          serial_shops, shop_fountains, uniq_prince_ribbit1, uniq_sigmund,
          uniq_pikel
D:6:      layout_layer_cave, lightli_orcish_oven, uniq_blork_the_orc,
          uniq_eustachio, uniq_crazy_yiuf_cottage
D:7:      layout_basic, nicolae_ossuary_entry_ruins,
          hangedman_decor_clover_reticule, minmay_curled_crystal
D:8:      layout_loops_corners, mainiacjoe_overflow_cross_hatched,
          grunt_temple_overflow_diamond, david_lair_generic, dk_rats_in_the_wall
Lair:1:   layout_gridlike
Lair:2:   layout_cellular_growth, portal_ice_cave_entry_pillars_2, st_stairs_10,
          dreamdust_gnoll_shepherd, lemuel_fruit_fields, grunt_megastairs_3
Lair:3:   layout_cave_pods, minmay_shoals_entry_lonely_mermaid,
          dummy_snake_entry, st_stairs_3, chequers_serial_rivers_small_b,
          nicolae_quartered_pool_little
Lair:4:   layout_regular_city, nicolae_slime_entry_slimehenge
Lair:5:   minmay_lair_end_enchanted_forest, layout_regular_city,
          chequers_serial_rivers_room_b, uniq_snorg, uniq_sonja

Skill      XL: |  1  2  3  4  5  6  7  8  9 10 11 12 13 |
---------------+----------------------------------------+-----
Axes           | 4 5 6 7 9 12 14 16 | 16.1
Shields        | 2 4 5 7 8 10 11 13 | 13.0
Throwing       | 1 2 |  2.7
Armour         | 6 8 10 11 | 11.0
Fighting       | 5 7 8 10 12 13 | 13.0
Dodging        | 3 5 |  5.2

Action                   |  1- 3 |  4- 6 |  7- 9 | 10-12 | 13-15 || total
-------------------------+-------+-------+-------+-------+-------++-------
Melee: Hand axe          |    74 |     1 |       |       |       ||    75
       Headbutt          |    14 |    18 |    34 |    77 |     7 ||   150
       Punch             |     2 |       |       |       |       ||     2
       War axe           |       |   133 |   209 |   381 |    23 ||   746
       Flail             |       |       |       |    20 |    10 ||    30
Throw: Boomerang         |     8 |    26 |    43 |    72 |     3 ||   152
       Javelin           |       |     2 |     5 |       |       ||     7
Invok: Berserk           |     3 |     3 |     8 |    21 |     2 ||    37
       Brothers in Arms  |       |       |       |     3 |       ||     3
  Use: Scroll            |     8 |     4 |     7 |     3 |     4 ||    26
       Potion            |       |     3 |     2 |     2 |     2 ||     9
 Stab: Distracted        |       |       |       |     1 |       ||     1
Armor: Animal skin       |     5 |       |       |       |       ||     5
       Chain mail        |    16 |     6 |       |       |       ||    22
       Plate armour      |       |     7 |    79 |   129 |    29 ||   244
Dodge: Dodged            |    20 |     2 |     1 |    15 |     1 ||    39
Block: Kite shield       |    37 |   137 |   288 |   519 |    90 ||  1071

Table legend:
 A = Non-vault XP
 B = Vault XP
 C = Vault XP percentage of total XP
 D = Non-vault monster count
 E = Vault monster count
 F = Vault count percentage of total count
                 A         B        C        D         E       F
            +---------+---------+-------+---------+---------+-------
      Total |   36413 |    5884 |  13.9 |     240 |      47 |  16.4
            +---------+---------+-------+---------+---------+-------
        D:1 |      45 |       0 |   0.0 |      23 |       0 |   0.0
        D:2 |      35 |      17 |  32.7 |      16 |       3 |  15.8
        D:3 |      24 |      20 |  45.5 |      11 |       4 |  26.7
        D:4 |     126 |      33 |  20.8 |      20 |       5 |  20.0
        D:5 |     435 |    1179 |  73.0 |       6 |       3 |  33.3
        D:6 |     689 |     297 |  30.1 |       6 |       7 |  53.8
        D:7 |    1164 |       0 |   0.0 |      24 |       0 |   0.0
        D:8 |    1384 |    1005 |  42.1 |      34 |       4 |  10.5
     Lair:1 |    4637 |       0 |   0.0 |      16 |       0 |   0.0
     Lair:2 |   13618 |    2031 |  13.0 |      45 |       9 |  16.7
     Lair:3 |    1343 |     566 |  29.6 |       8 |       2 |  20.0
     Lair:4 |    8072 |      60 |   0.7 |      21 |       5 |  19.2
     Lair:5 |    4841 |     676 |  12.3 |      10 |       5 |  33.3
            +---------+---------+-------+---------+---------+-------
